 Dungeon Crawl Stone Soup version 0.30-a0-728-gc68057be0a (webtiles) character file.

Game seed: 116579531784211498

3698 Ajdolov the Spear-Bearer (level 9, -5/57 HPs)
             Began as a Mummy Necromancer on Jan 30, 2023.
             Slain by a two-headed ogre
             ... wielding a +0 giant club
              (9 damage)
             ... on level 8 of the Dungeon.
             The game lasted 00:23:32 (8600 turns).

Ajdolov the Spear-Bearer (Mummy Necromancer)        Turns: 8600, Time: 00:23:33

Health: -5/57      AC: 11    Str: 12    XL:     9   Next: 91%
Magic:  13/19      EV: 12    Int: 24    God:
Gold:   246        SH:  0    Dex: 12    Spells: 5/22 levels left

rFire   . . .      SeeInvis .    i - +2 spear (heavy)
rCold   + . .      Faith    +    (no shield)
rNeg    + + +      Spirit   .    A - +0 steam dragon scales
rPois   ∞          Reflect  .    r - +2 helmet
rElec   .          Harm     .    w - +0 cloak
rCorr   .          Rampage  .    n - +0 pair of gloves
Will    +....                    a - +0 pair of boots
Stlth   +                        (no amulet)
HPRegen 0.29/turn                d - +6 ring of intelligence
MPRegen 0.16/turn                x - ring of protection from fire

@: confused, animating dead
A: cold resistance 1, negative energy resistance 3, torment resistance 2, heat
vulnerability 1, in touch with death 1, no potions, faith
a: no special abilities


You were on level 8 of the Dungeon.
You visited 2 branches of the dungeon, and saw 9 of its levels.
You also visited: Ossuary.

You collected 246 gold pieces.

Inventory:

Hand Weapons
 i - a +2 heavy spear (weapon)
Missiles
 m - a throwing net
 u - 3 silver boomerangs
Armour
 a - a +0 pair of boots (worn)
 n - a +0 pair of gloves (worn)
 r - a +2 helmet (worn)
 w - a +0 cloak (worn)
 A - +0 steam dragon scales (worn)
Magical Staves
 f - a staff of conjuration
Jewellery
 d - a +6 ring of intelligence (left hand)
 e - a ring of see invisible
 l - a ring of willpower
 p - a ring of flight
 s - a ring of magical power
 v - a +4 ring of protection
 x - a ring of protection from fire (right hand)
Wands
 t - a wand of flame (5)
Scrolls
 b - 3 scrolls of vulnerability
 c - a scroll of blinking
 g - 2 scrolls of enchant armour {unknown}
 h - a scroll of magic mapping {unknown}
 j - a scroll of immolation
 k - 6 scrolls of identify
 o - a scroll of fog
 q - 2 scrolls of teleportation {unknown}
 y - a scroll of enchant weapon {unknown}
 z - a scroll of fear {unknown}


   Skills:
 + Level 8.3 Polearms
 - Level 1.7 Dodging
 - Level 1.8 Stealth
 - Level 7.0 Spellcasting
 * Level 5.6 Hexes
 - Level 7.0 Necromancy


You had 5 spell levels left.
You knew the following spells:

 Your Spells              Type           Power      Damage    Failure   Level
a - Necrotise             Necr           100%       1d9       1%          1
b - Vampiric Draining     Necr           58%        2d10      1%          3
c - Animate Dead          Necr           58%        N/A       4%          4
d - Agony                 Necr           58%        N/A       11%         5
e - Anguish               Hex/Necr       27%        N/A       5%          4

Your spell library contained the following spells:

 Spells                   Type           Power      Damage    Failure   Level
 Slow                     Hex            100%       N/A       1%          1
 Confusing Touch          Hex            35%        N/A       2%          3
 Ensorcelled Hibernation  Hex/Ice        42%        N/A       3%          2
 Apportation              Tloc           16%        N/A       7%          1
 Inner Flame              Hex/Fire       21%        N/A       7%          3
 Cause Fear               Hex            17%        N/A       7%          4
 Mephitic Cloud           Conj/Pois/Air  8%         N/A       22%         3
 Olgreb's Toxic Radiance  Pois           8%         N/A       56%         4
 Passage of Golubria      Tloc           8%         N/A       56%         4
 Lee's Rapid Deconstruct  Erth           4%         3d5*      89%         5
 Simulacrum               Ice/Necr       18%        N/A       95%         6
 Eringya's Noxious Bog    Tmut/Pois      4%         N/A       100%        6
 Discord                  Hex            17%        N/A       100%        8
 Spider Form              Tmut/Pois      Unusable   N/A       N/A         3

Dungeon Overview and Level Annotations

Branches:
Dungeon (8/15)             Temple (1/1) D:7         Ossuary (visited)
   Lair: D:8-11

Altars:
Ashenzari
Cheibriados
Dithmenos
Hepliaklqana
Makhleb
Okawaru
Qazlal
Ru
Sif Muna
Trog
Wu Jian

Shops:
D:2 (

Annotations:
D:3 exclusion: 2 orcs


Innate Abilities, Weirdness & Mutations

You are immune to poison.
Your flesh is cold resistant. (rC+)
You are immune to negative energy. (rN+++)
You are immune to unholy pain and torment.
You are vulnerable to heat. (rF-)
You are in touch with the powers of death.
You do not drink.
You have a special connection with the divine. (Faith)


Message History

You feel a surge of power!
You draw life force from the wolf!
Flame seeps out of the wolf.
You feel life coursing into your body.
The wolf is engulfed in blazing flames.
Flame seeps out of the wolf.
The wolf bites you but does no damage. The wolf bites you!
The wolf is wracked by anguish!
The wolf is engulfed in blazing flames.
The wolf explodes!
The fiery explosion engulfs you!!
* * * LOW HITPOINT WARNING * * *
The fiery explosion engulfs the wolf!
The wolf is almost dead.
The wolf is engulfed in blazing flames.
You kill the wolf!
The dead are walking!
You hear an angry growl.
You hear a bark!
You hear a shout!
You hear an angry hiss.
You hear a shout!
Your wolf zombie is engulfed in blazing flames.
A hound comes into view.
Your wolf zombie bites the two-headed ogre.
The two-headed ogre is engulfed in blazing flames.
You are confused.
Your wolf zombie is engulfed in blazing flames.
Your wolf zombie bites the two-headed ogre.
You're too confused to move!
Your wolf zombie is engulfed in blazing flames.
A magic dart appears from out of thin air!
The magic dart hits you!
* * * LOW HITPOINT WARNING * * *
Flame seeps out of something.
Unknown command.
You are too confused!
You can't drink.
You're too confused to cast spells.
Reactivating autopickup.
You feel a bit more experienced.
The orc wizard explodes!
Your wolf zombie is engulfed in blazing flames.
You destroy your wolf zombie!
A bullfrog comes into view.
The two-headed ogre hits you with a +0 giant club!
You die...

..# ... ... ... #.. ....
#..## #... #...# #..##
#..### # #.h.##....##..
##.............
##..##@O.>......
.##....#.§......#
.........§......#...###
.......§§§.§....#.....
..........○§.........
.........§.§........#
....................## #
...F.........§§.?....#..#
..........)..§§§§§§.....(


You could see a two-headed ogre (anguished), a bullfrog (wandering) and a hound.

Vanquished Creatures
  Joseph (D:7)
  Maggie (D:7)
  Edmund (D:5)
  Duvessa (D:5)
  An ice beast (D:5)
  An orc warrior (D:4)
  2 sky beasts
  2 ogres
  2 wolves (D:8)
  A phantom (D:6)
  4 bullfrogs
  2 kobold brigands
  A necrophage (D:5)
  9 scorpions
  2 wights (D:6)
  Dowan (D:5)
  A wolf zombie (D:8)
  2 howler monkeys (D:7)
  3 centaur zombies (Ossuary)
  A hound (D:4)
  A jelly (D:7)
  2 iguanas
  Crazy Yiuf (D:5)
  3 orc wizards
  3 mummies (Ossuary)
  Robin (D:4)
  7 gnolls
  6 adders
  A shadow imp (D:6)
  3 white imps
  2 ufetubi
  2 worms (D:4)
  31 orcs
  5 bats
  3 endoplasms
  A giant cockroach (D:4)
  11 goblins
  10 hobgoblins
  3 jackals (D:2)
  12 kobolds
  2 quokkas
  7 ball pythons
  2 hobgoblin zombies (Ossuary)
  3 rats
161 creatures vanquished.

Vanquished Creatures (collateral kills)
  A bullfrog (D:6)
  2 scorpions (D:5)
  A jelly (D:7)
  2 orc wizards
  3 orcs
  A kobold (D:6)
  2 frilled lizards
12 creatures vanquished.

Vanquished Creatures (others)
  A bullfrog zombie (D:8)
  2 scorpion zombies
  An ogre zombie (D:7)
  2 howler monkey zombies (D:7)
  A jelly zombie (D:7)
  A kobold (D:3)
  2 kobold zombies (D:7)
  9 orc zombies
19 creatures vanquished.

Grand Total: 192 creatures vanquished

Notes
Turn   | Place    | Note
-------+----------+-------------------------------------------
     0 | D:1      | Ajdolov the Mummy Necromancer began the quest for the Orb.
     0 | D:1      | Reached XP level 1. HP: 13/13 MP: 4/4
   321 | D:1      | Reached XP level 2. HP: 19/19 MP: 3/5
   649 | D:1      | Found a faded altar of an unknown god.
  1328 | D:2      | Gained mutation: You are in touch with the powers of death.
                  | [Mummy growth]
  1328 | D:2      | Reached XP level 3. HP: 24/24 MP: 1/8
  1443 | D:2      | Learned a level 3 spell: Vampiric Draining
  1704 | D:2      | Found Pyuwap's Weapon Shop.
  1901 | D:2      | Reached XP level 4. HP: 8/30 MP: 5/10
  2165 | D:3      | Reached skill level 5 in Spellcasting
  2176 | D:3      | Reached XP level 5. HP: 27/35 MP: 0/12
  2291 | D:3      | Learned a level 4 spell: Animate Dead
  2297 | D:3      | Learned a level 5 spell: Agony
  2929 | D:4      | Reached skill level 1 in Polearms
  2929 | D:4      | Reached skill level 5 in Necromancy
  3146 | D:4      | Reached XP level 6. HP: 41/41 MP: 14/14
  3173 | D:4      | Noticed Robin
  3378 | D:4      | Killed Robin
  3584 | D:4      | Reached skill level 2 in Polearms
  3671 | D:4      | Noticed an orc warrior
  3847 | D:4      | Killed an orc warrior
  4193 | D:5      | Entered Level 5 of the Dungeon
  4279 | D:5      | Reached skill level 3 in Polearms
  4279 | D:5      | Reached XP level 7. HP: 46/46 MP: 6/16
  4370 | D:5      | Learned a level 4 spell: Anguish
  4378 | D:5      | Noticed Dowan
  4379 | D:5      | Noticed Duvessa
  4621 | D:5      | Noticed Edmund
  4645 | D:4      | Reached skill level 4 in Polearms
  4857 | D:5      | Killed Duvessa
  4858 | D:5      | Reached skill level 5 in Polearms
  4863 | D:5      | Killed Dowan
  4994 | D:5      | Reached XP level 8. HP: 49/52 MP: 18/18
  5220 | D:5      | Killed Edmund
  5221 | D:5      | Reached skill level 6 in Polearms
  5622 | D:5      | Found a runed translucent door.
  5623 | D:5      | Noticed Crazy Yiuf
  5643 | D:5      | Killed Crazy Yiuf
  5791 | D:6      | Identified the +0 scale mail of the Armadillo {rElec rPois}
  5894 | D:6      | Reached skill level 7 in Polearms
  6274 | D:6      | Reached skill level 1 in Hexes
  6831 | D:6      | Reached XP level 9. HP: 57/57 MP: 15/19
  6836 | D:6      | Got the Book of Petrous Degeneration
  6947 | D:6      | Got the Spellbook of Planar Frost
  7175 | D:7      | Found a sand-covered staircase.
  7186 | Ossuary  | Entered an ossuary
  7689 | D:7      | Noticed Maggie
  7707 | D:7      | Killed Maggie
  7708 | D:7      | Reached skill level 8 in Polearms
  7886 | D:7      | Found a snail-covered altar of Cheibriados.
  8068 | D:7      | Noticed Joseph
  8086 | D:7      | Killed Joseph
  8087 | D:7      | Reached skill level 5 in Hexes
  8280 | D:7      | Found a staircase to the Ecumenical Temple.
  8286 | Temple   | Entered the Ecumenical Temple
  8576 | D:8      | Noticed a two-headed ogre
  8600 | D:8      | Slain by a two-headed ogre

Illustrated notes

Levels and vault maps discovered:
D:1:      dpeg_arrival_radiant, layout_basic, serial_bayou, serial_bayou_pond_a,
          serial_bayou_pond_e, serial_bayou_pond_a, serial_bayou_shore_a,
          shapermc_ecumenical_altar_venn
D:2:      layout_basic, serial_shops, nicolae_shop_bloodbath_and_beyond,
          st_stairs_14
D:3:      layout_loops_ring, elyvilon_altar_4, chequers_mini_garden
D:4:      layout_cave_pools, uniq_robin
D:5:      layout_loops_ring, chequers_garden, uniq_duvessa,
          uniq_crazy_yiuf_cottage, uniq_edmund
D:6:      layout_cave_pods, minmay_between
D:7:      layout_loops_cross, overflow_temple_1_default,
          mainiacjoe_overflow_paths, minmay_temple_entry_enclosed_plants,
          lightli_ossuary_entry_decrepit_ruins, uniq_maggie, uniq_joseph
D:8:      layout_cave_pools, nemelex_spade_bored_becter, serial_gnoll_camp,
          grums_kennel, gnoll_camp_mini_hut, gnoll_camp_mini_hut,
          gnoll_camp_mini_basic, minmay_radiant
Temple:   chequers_temple_sunken

Skill      XL: |  1  2  3  4  5  6  7  8  9 |
---------------+----------------------------+-----
Spellcasting   | 3 4 5 6 7 |  7.0
Polearms       | 1 3 5 7 8 |  8.3
Necromancy     | 5 7 |  7.0
Hexes          | 2 5 |  5.6
Dodging        | |  1.7
Stealth        | |  1.8

Action                     |  1- 3 |  4- 6 |  7- 9 || total
---------------------------+-------+-------+-------++-------
  Melee: Spear             |    13 |   124 |   270 ||   407
         Punch             |       |     1 |     2 ||     3
  Throw: Throwing net      |       |       |     1 ||     1
   Cast: Necrotise         |    40 |    36 |    22 ||    98
         Vampiric Draining |       |    15 |    26 ||    41
         Animate Dead      |       |     1 |    11 ||    12
         Anguish           |       |       |     3 ||     3
  Evoke: Wand              |       |       |    10 ||    10
    Use: Scroll            |       |       |     4 ||     4
   Stab: Sleeping          |     1 |     7 |     1 ||     9
         Distracted        |       |       |     1 ||     1
 Armour: Robe              |     5 |    49 |    96 ||   150
         Steam dragon scal |       |       |    16 ||    16
  Dodge: Dodged            |    12 |   104 |   190 ||   306

Table legend: (Time is in decaauts)
 A = Elapsed time spent in this place.
 B = Non-inter-level travel time spent in this place.
 C = Inter-level travel time spent in this place.
 D = Time resting spent in this place.
 E = Time spent auto-exploring this place.
 F = Levels seen in this place.
 G = Mean time per level.
                   A        B        C        D        E       F      G
               +--------+--------+--------+--------+--------+-----+--------+
         Total |   8774 |   8248 |    526 |   1179 |   5099 |  10 |  877.4 |
       Dungeon |   8288 |   7794 |    494 |   1041 |   4869 |   8 | 1036.0 |
        Temple |    269 |    237 |     32 |      0 |    230 |   1 |  269.0 |
       Ossuary |    216 |    216 |      0 |    138 |      0 |   1 |  216.0 |
               +--------+--------+--------+--------+--------+-----+--------+

Top non-repeatable levels by time:
     D:5: 1335 daAuts
     D:6: 1325 daAuts
     D:4: 1318 daAuts
     D:3: 1151 daAuts
     D:1: 1146 daAuts
     D:7: 1065 daAuts
     D:2: 907 daAuts
  Temple: 269 daAuts
 Ossuary: 216 daAuts
     D:8: 38 daAuts
